[Event "ICC tourney 2532 (25 5)"]
[Site "Internet Chess Club"]
[Date "2021.04.25"]
[Round "6"]
[White "STIG MELLODY, MARCUS:K12-14740377"]
[Black "AUGUSTO BALDERAS, ADOLFO:K12-14480460"]
[Result "0-1"]
[ICCResult "White forfeits on time"]
[WhiteElo "1713"]
[BlackElo "1962"]
[Opening "King's Indian: orthodox, 7...Nbd7"]
[ECO "E94"]
[NIC "KI.13"]
[Time "13:01:42"]
[PlyCount "82"]
[TimeControl "1500+5"]

1. d4 Nf6 2. c4 g6 3. Nc3 Bg7 4. e4 d6 5. Be2 O-O 6. Nf3 Nbd7 7. O-O e5 8.
Be3 c6 9. Ne1 Re8 10. f3 a5 11. d5 c5 12. Nb5 Nf8 13. Nd3 Nh5 14. a3 f5 15.
b4 f4 16. Bf2 g5 17. bxc5 dxc5 18. Bxc5 b6 19. Bf2 Ng6 20. c5 bxc5 21. Nxc5
Bd7 22. Nxd7 Qxd7 23. Rc1 Rec8 24. Qd2 g4 25. fxg4 Nf6 26. Qd3 Nxg4 27.
Bxg4 Qxg4 28. Nd6 Rf8 29. Qf3 Qg5 30. Nf5 Rae8 31. Nxg7 Kxg7 32. Rc7+ Kh8
33. Rd1 Rg8 34. d6 Nf8 35. d7 Rd8 36. Ra7 Rg7 37. Qh3 Ne6 38. Bh4 Qh5 39.
Rd3 f3 40. Rxf3 Nf4 41. Rxf4 exf4 { White forfeits on time } 0-1

[Event "ICC tourney 2532 (25 5)"]
[Site "Internet Chess Club"]
[Date "2021.04.25"]
[Round "6"]
[White "EVANS, COOPER:K12-14988402"]
[Black "THOMAS JOHNSON, MATTHEW:K12-16703970"]
[Result "0-1"]
[ICCResult "White resigns"]
[WhiteElo "511"]
[BlackElo "1429"]
[Opening "Giuoco Piano"]
[ECO "C54"]
[NIC "IG.02"]
[Time "13:00:36"]
[PlyCount "82"]
[TimeControl "1500+5"]

1. e4 e5 2. Nf3 Nc6 3. Bc4 Bc5 4. c3 Nf6 5. d3 h6 6. Be3 Bb6 7. Nbd2 O-O 8.
O-O d5 9. exd5 Nxd5 10. Bxb6 Nxb6 11. Bb3 Re8 12. Bc2 Bg4 13. Re1 Nd7 14.
Nf1 Qf6 15. N1d2 Nc5 16. b4 Nd7 17. Ne4 Qe7 18. h3 Bh5 19. d4 Bxf3 20. Qxf3
exd4 21. Nc5 Qxe1+ 22. Rxe1 Rxe1+ 23. Kh2 Nxc5 24. bxc5 dxc3 25. Qxc3 Rae8
26. Qb3 Nd4 27. Qa4 Nxc2 28. Qxc2 R1e2 29. Qa4 a6 30. Qd7 R8e7 31. Qc8+ Kh7
32. Qxb7 Rxf2 33. a4 Ree2 34. Qxc7 Rxg2+ 35. Kh1 Rc2 36. Qd7 Rgf2 37. Kg1
Rf6 38. Qd3+ Rg6+ 39. Kf1 Rc1+ 40. Ke2 Rxc5 41. Qxa6 Rxa6 { White resigns }
0-1

[Event "ICC tourney 2532 (25 5)"]
[Site "Internet Chess Club"]
[Date "2021.04.25"]
[Round "6"]
[White "CHOI YOO, EUGENE:K12-14862820"]
[Black "SG NATHAN, NITISH:K12-15494283"]
[Result "1-0"]
[ICCResult "Black checkmated"]
[WhiteElo "2191"]
[BlackElo "1941"]
[Opening "Queen's pawn game, Darooha variation "]
[ECO "D02"]
[NIC "QP.08"]
[Time "13:01:04"]
[PlyCount "129"]
[TimeControl "1500+5"]

1. d4 d5 2. Nf3 Nf6 3. g3 c6 4. Bg2 Bg4 5. O-O Bxf3 6. Bxf3 e6 7. Nd2 Bd6
8. e4 dxe4 9. Nxe4 Nxe4 10. Bxe4 Nd7 11. c4 Nf6 12. Bg2 O-O 13. Qc2 Rc8 14.
Rd1 Qc7 15. Bg5 Be7 16. Rac1 h6 17. Bd2 Rfd8 18. Bc3 Bd6 19. b3 e5 20. c5
Be7 21. dxe5 Nd5 22. Bd4 Bg5 23. Ra1 b5 24. h4 Be7 25. a3 Rb8 26. b4 a5 27.
Qb3 a4 28. Qc2 Qd7 29. Bb2 Qg4 30. Kh2 Qh5 31. Qe4 Qg6 32. Qxg6 fxg6 33.
Be4 g5 34. hxg5 Bxg5 35. f4 Be7 36. Bxd5+ cxd5 37. Rd2 Kf7 38. f5 Bg5 39.
Rd3 d4 40. Rad1 Rd5 41. Rxd4 Rxe5 42. Rd7+ Re7 43. Rxe7+ Bxe7 44. Be5 Rc8
45. Rd7 Ke8 46. Rd5 Kf7 47. Rd7 h5 48. Bd6 Re8 49. Kg2 Kf6 50. Rxe7 Rxe7
51. Bxe7+ Kxe7 52. Kf3 Kf6 53. Kf4 Ke7 54. Kg5 Kd7 55. Kxh5 Kc6 56. Kg6 Kb7
57. Kxg7 Ka6 58. f6 Ka7 59. f7 Ka6 60. f8=Q Ka7 61. Qe7+ Ka6 62. Qd6+ Ka7
63. c6 Ka8 64. Qe7 Kb8 65. Qb7# { Black checkmated } 1-0

[Event "ICC tourney 2532 (25 5)"]
[Site "Internet Chess Club"]
[Date "2021.04.25"]
[Round "6"]
[White "IYER, MANTRA:K12-15233290"]
[Black "ESPINOSA, PEDRO:K12-14987738"]
[Result "0-1"]
[ICCResult "White checkmated"]
[WhiteElo "1866"]
[BlackElo "2200"]
[Opening "French: Tarrasch, open variation"]
[ECO "C07"]
[NIC "FR.18"]
[Time "13:02:02"]
[PlyCount "168"]
[TimeControl "1500+5"]

1. e4 e6 2. d4 d5 3. Nd2 c5 4. Ngf3 cxd4 5. exd5 Qxd5 6. Bc4 Qd6 7. O-O Nc6
8. Nb3 e5 9. Re1 Be7 10. Bb5 f6 11. h3 Bd7 12. Qe2 a6 13. Bxc6 Bxc6 14. Bd2
O-O-O 15. c4 g5 16. Qd3 h5 17. Na5 g4 18. Nxc6 Qxc6 19. hxg4 hxg4 20. Qf5+
Qd7 21. Qxd7+ Kxd7 22. Nh2 g3 23. fxg3 Nh6 24. g4 Nf7 25. Nf3 Ke6 26. Rad1
Rhg8 27. g5 fxg5 28. g4 Bf6 29. b3 Kd7 30. Rf1 e4 31. Nxd4 Bxd4+ 32. Be3
Ke6 33. Rxd4 Rxd4 34. Bxd4 Rd8 35. Be3 Rd3 36. Kf2 Ne5 37. Bxg5 Nxg4+ 38.
Ke2 Rg3 39. Kd1 Rg2 40. Kc1 Rxa2 41. Rf4 Nf2 42. Kb1 Re2 43. Rf6+ Ke5 44.
Rf7 b5 45. cxb5 axb5 46. Bf6+ Ke6 47. Rf8 Nd3 48. Bd4 Rg2 49. Re8+ Kf5 50.
Rf8+ Kg4 51. Rb8 b4 52. Rf8 Nf4 53. Rf7 Kf3 54. Be5 Rg4 55. Kc2 e3 56. Bd6
Rg2+ 57. Kb1 e2 58. Bxb4 Ke4 59. Rh7 Nd5 60. Rh4+ Kd3 61. Ba5 Nc3+ 62. Bxc3
Kxc3 63. Rh3+ Kd2 64. Rh1 e1=Q+ 65. Rxe1 Kxe1 66. Kc1 Rh2 67. b4 Rh4 68. b5
Rb4 69. Kc2 Rxb5 70. Kc3 Re5 71. Kd4 Re2 72. Kd3 Kd1 73. Kd4 Kd2 74. Kc4
Re4+ 75. Kd5 Kd3 76. Kc5 Rd4 77. Kb5 Rc4 78. Kb6 Kd4 79. Kb7 Rc5 80. Ka8
Kd5 81. Ka7 Rc6 82. Kb7 Kd6 83. Ka7 Kc7 84. Ka8 Ra6# { White checkmated }
0-1

[Event "ICC tourney 2532 (25 5)"]
[Site "Internet Chess Club"]
[Date "2021.04.25"]
[Round "6"]
[White "KAZUO SLOWIK, DYLAN:K12-14697884"]
[Black "ADEWUMI, TANITOLUWA:K12-16649696"]
[Result "1-0"]
[ICCResult "Black checkmated"]
[WhiteElo "1769"]
[BlackElo "2108"]
[Opening "King's Indian: fianchetto, Uhlmann (Szabo) variation"]
[ECO "E62"]
[NIC "KI.72"]
[Time "13:01:04"]
[PlyCount "69"]
[TimeControl "1500+5"]

1. Nf3 Nf6 2. d4 g6 3. g3 Bg7 4. Bg2 O-O 5. c4 d6 6. Nc3 Nc6 7. O-O e5 8.
d5 Ne7 9. e4 Bg4 10. Qb3 Bxf3 11. Bxf3 b6 12. Be3 Nd7 13. Bg2 f5 14. f4 h6
15. Rae1 exf4 16. Rxf4 Ne5 17. Ne2 a5 18. Nd4 a4 19. Qc2 Qd7 20. Bh3 g5 21.
Rff1 g4 22. Bg2 fxe4 23. Bxe4 Rae8 24. Ne6 Rf7 25. Bd4 c5 26. Bh7+ Kh8 27.
Rxf7 cxd4 28. Rxg7 Nf3+ 29. Kf1 Nxe1 30. Kxe1 Qc8 31. Bg6 Nf5 32. Qxf5
Rxe6+ 33. dxe6 Kxg7 34. Qf7+ Kh8 35. Qh7# { Black checkmated } 1-0

[Event "ICC tourney 2532 (25 5)"]
[Site "Internet Chess Club"]
[Date "2021.04.25"]
[Round "6"]
[White "RAJARAM, ROHAN:K12-15739716"]
[Black "GUNDAM, ROHIT:K12-14908373"]
[Result "1-0"]
[ICCResult "Black checkmated"]
[WhiteElo "1905"]
[BlackElo "2190"]
[Opening "QGD: exchange, positional line, 5...c6"]
[ECO "D35"]
[NIC "QO.16"]
[Time "13:01:04"]
[PlyCount "103"]
[TimeControl "1500+5"]

1. d4 Nf6 2. c4 e6 3. Nc3 d5 4. cxd5 exd5 5. Bg5 c6 6. e3 h6 7. Bh4 Bf5 8.
Nf3 Nbd7 9. Be2 Bd6 10. O-O O-O 11. Bd3 Bxd3 12. Qxd3 Re8 13. Rab1 a5 14.
Rfc1 g5 15. Bg3 Ne4 16. Bxd6 Nxd6 17. b3 f5 18. g4 Qf6 19. gxf5 Rf8 20. b4
Nxf5 21. e4 Ne7 22. bxa5 Ra7 23. Nd2 Ng6 24. Rf1 Nf4 25. Qe3 dxe4 26. Qxe4
Rf7 27. Rbe1 Rxa5 28. Nc4 Rf5 29. f3 Nh3+ 30. Kg2 g4 31. Ne3 Rxf3 32. Nxg4
Nf4+ 33. Kxf3 Qh4 34. Ke3 Qxg4 35. Rg1 Ng2+ 36. Rxg2 Qxg2 37. Qxg2+ Rg7 38.
Qh3 Nf6 39. Qe6+ Rf7 40. Rg1+ Kf8 41. Qc8+ Ne8 42. Ne4 Re7 43. Rf1+ Kg7 44.
Qg4+ Kh7 45. Rf8 Ng7 46. Kd3 Re6 47. Nf6+ Rxf6 48. Rxf6 c5 49. Qg6+ Kg8 50.
Rf7 c4+ 51. Kc3 Kh8 52. Qxg7# { Black checkmated } 1-0

[Event "ICC tourney 2532 (25 5)"]
[Site "Internet Chess Club"]
[Date "2021.04.25"]
[Round "6"]
[White "MARTINEZ, JONATHAN:K12-14701133"]
[Black "IYER, AYUSH:K12-15543394"]
[Result "1-0"]
[ICCResult "Black checkmated"]
[WhiteElo "1945"]
[BlackElo "1369"]
[Opening "Giuoco Piano"]
[ECO "C50"]
[NIC "IG.02"]
[Time "13:01:04"]
[PlyCount "161"]
[TimeControl "1500+5"]

1. e4 e5 2. Nf3 Nc6 3. Bc4 Bc5 4. O-O Nf6 5. d3 h6 6. c3 Bb6 7. Nbd2 O-O 8.
Re1 d6 9. Nf1 Be6 10. Bb3 Re8 11. Ng3 Qe7 12. Nh4 g6 13. Bxe6 Qxe6 14. h3
Kh7 15. Qd2 Ng8 16. Nf3 Qf6 17. Nf1 Rad8 18. Ne3 Bxe3 19. fxe3 g5 20. Rf1
Qe6 21. Nh2 Re7 22. Qf2 Red7 23. b3 d5 24. exd5 Qxd5 25. d4 exd4 26. exd4
Qd6 27. Ng4 Rf8 28. Qf5+ Kg7 29. Ba3 Qd5 30. Bxf8+ Kxf8 31. Qxd5 Rxd5 32.
Rae1 h5 33. Ne5 Nxe5 34. Rxe5 Rxe5 35. dxe5 Ke7 36. Rf5 Ke6 37. Rxg5 Ne7
38. Rxh5 Nc6 39. Kf2 Nxe5 40. Ke3 b6 41. Rh8 a5 42. h4 Ng6 43. Re8+ Kd7 44.
Re4 f5 45. Rd4+ Ke6 46. h5 Ne5 47. h6 Kf6 48. h7 Kg7 49. Rh4 Ng6 50. h8=Q+
Nxh8 51. Rxh8 Kxh8 52. Kf4 Kg7 53. Kxf5 Kf7 54. g4 c5 55. g5 b5 56. c4 b4
57. Ke5 Kg6 58. Kd5 Kxg5 59. Kxc5 Kf5 60. Kb5 Ke6 61. Kxa5 Kd6 62. Kxb4 Kc6
63. c5 Kb7 64. Kb5 Kc7 65. c6 Kb8 66. Kb6 Kc8 67. c7 Kd7 68. Kb7 Kd6 69.
c8=Q Kd5 70. Qc6+ Kd4 71. a4 Kd3 72. a5 Kd4 73. a6 Ke5 74. a7 Kd4 75. a8=Q
Ke5 76. Qd8 Kf5 77. Qcf6+ Ke4 78. Qfe7+ Kf3 79. Qdf8+ Kg3 80. Qeg7+ Kh3 81.
Qfh8# { Black checkmated } 1-0

[Event "ICC tourney 2532 (25 5)"]
[Site "Internet Chess Club"]
[Date "2021.04.25"]
[Round "6"]
[White "XU, KEVIN:K12-15437078"]
[Black "CHUNG, CHRISTOPHER:K12-16687538"]
[Result "1-0"]
[ICCResult "Black resigns"]
[WhiteElo "2091"]
[BlackElo "1732"]
[Opening "Queen's pawn: Charlick (Englund) gambit"]
[ECO "A40"]
[NIC "QO.17"]
[Time "13:01:22"]
[PlyCount "169"]
[TimeControl "1500+5"]

1. d4 e5 2. dxe5 Nc6 3. Nf3 Qe7 4. Bf4 Qb4+ 5. Bd2 Qxb2 6. Nc3 Bb4 7. Rb1
Qa3 8. Rb3 Qa5 9. a3 Bxc3 10. Bxc3 Qc5 11. e3 Nge7 12. Be2 O-O 13. O-O d6
14. exd6 Qxd6 15. Qa1 Qg6 16. Bd3 Qh6 17. Nd2 Rb8 18. Ne4 Be6 19. Rb5 Nd5
20. Bb2 a6 21. Rc5 Rfd8 22. Rd1 Rd7 23. h4 f6 24. Bc4 Qxh4 25. Bxd5 Rxd5
26. Rcxd5 Bxd5 27. Nxf6+ gxf6 28. Rxd5 Rf8 29. Rf5 Qe4 30. Qa2+ Kg7 31. Rf4
Qe7 32. Qd5 Ne5 33. Qxb7 Qd6 34. Qe4 Re8 35. Qa4 Re7 36. Rh4 Re6 37. Qf4
Qd1+ 38. Kh2 Qxc2 39. Qh6+ Kf7 40. Bxe5 Rxe5 41. Qxh7+ Qxh7 42. Rxh7+ Kg6
43. Rxc7 Rf5 44. f3 Ra5 45. Rc3 Rh5+ 46. Kg3 Rg5+ 47. Kf2 Ra5 48. g4 Kh6
49. Kg3 Ra4 50. f4 Ra5 51. e4 Ra4 52. Re3 Kg7 53. Kh4 Rd4 54. g5 f5 55. Kg3
fxe4 56. f5 Rd8 57. Kf4 Rd1 58. Kxe4 Rh1 59. Ke5 Rg1 60. g6 Rc1 61. Rh3
Re1+ 62. Kd6 Rd1+ 63. Kc6 Rc1+ 64. Kb6 Rb1+ 65. Kxa6 Rf1 66. Rh7+ Kg8 67.
Rf7 Ra1 68. Kb6 Rxa3 69. Kc5 Ra5+ 70. Kd6 Ra6+ 71. Ke5 Ra5+ 72. Kf6 Ra6+
73. Kg5 Ra1 74. Rb7 Kf8 75. Rb8+ Ke7 76. f6+ Ke6 77. f7 Rg1+ 78. Kh6 Rh1+
79. Kg7 Rf1 80. f8=Q Rxf8 81. Kxf8 Kd6 82. g7 Kd5 83. g8=Q+ Kc5 84. Qg5+
Kd4 85. Rb4+ { Black resigns } 1-0

[Event "ICC tourney 2532 (25 5)"]
[Site "Internet Chess Club"]
[Date "2021.04.25"]
[Round "6"]
[White "HOWARD MCNUTT, WILLIAM:K12-14715106"]
[Black "OBEROI, SHELEV:K12-14961028"]
[Result "0-1"]
[ICCResult "White resigns"]
[WhiteElo "1941"]
[BlackElo "2277"]
[Opening "Queen's pawn game"]
[ECO "A46"]
[NIC "QP.06"]
[Time "13:01:57"]
[PlyCount "72"]
[TimeControl "1500+5"]

1. d4 Nf6 2. Nf3 d6 3. Bf4 g6 4. e3 Bg7 5. h3 Nc6 6. Bh2 O-O 7. Be2 e5 8.
O-O Ne4 9. c3 f5 10. Nbd2 Nxd2 11. Nxd2 f4 12. d5 Nb8 13. exf4 exf4 14. Nf3
Nd7 15. Qd2 Qf6 16. Rfe1 Nb6 17. Rad1 Bd7 18. Bf1 Kh8 19. c4 g5 20. b3 g4
21. hxg4 Bxg4 22. Be2 Nd7 23. Nd4 Bxe2 24. Qxe2 Qg6 25. Ne6 f3 26. Qf1 Rf5
27. Nxg7 Qxg7 28. Bg3 Raf8 29. Qd3 Ne5 30. Qd4 fxg2 31. Kxg2 Rxf2+ 32. Qxf2
Rxf2+ 33. Kxf2 Qf6+ 34. Kg2 Qf3+ 35. Kh2 Ng4+ 36. Kh3 Nf2+ { White resigns
} 0-1

[Event "ICC tourney 2532 (25 5)"]
[Site "Internet Chess Club"]
[Date "2021.04.25"]
[Round "6"]
[White "QIAN, BILL:K12-15206304"]
[Black "KARDAVA, DANIIL:K12-15961344"]
[Result "1-0"]
[ICCResult "Black resigns"]
[WhiteElo "1848"]
[BlackElo "1226"]
[Opening "French: Tarrasch, closed variation"]
[ECO "C05"]
[NIC "FR.16"]
[Time "13:01:42"]
[PlyCount "115"]
[TimeControl "1500+5"]

1. e4 e6 2. d4 d5 3. Nd2 Nf6 4. e5 Nfd7 5. f4 c5 6. Ngf3 cxd4 7. Nxd4 Nc6
8. N2f3 Qb6 9. c3 Nxd4 10. Nxd4 Bc5 11. Be2 O-O 12. O-O f6 13. b4 Bxd4+ 14.
Qxd4 fxe5 15. fxe5 Nxe5 16. Rxf8+ Kxf8 17. Be3 Qxd4 18. Bxd4 Nc6 19. Rf1+
Kg8 20. Bc5 Bd7 21. a4 Ne5 22. a5 a6 23. Re1 Nc4 24. Bxc4 dxc4 25. Re4 Rd8
26. Rxc4 Bb5 27. Rd4 Rxd4 28. Bxd4 Kf7 29. Kf2 g6 30. Ke3 Ke7 31. Kf4 Kd6
32. Kg5 e5 33. Bc5+ Kd5 34. Kh6 Kc4 35. Kxh7 Be8 36. Kg7 Kxc3 37. Kf8 Bc6
38. g3 e4 39. Kg7 Be8 40. Kf8 Bd7 41. Kf7 Bf5 42. h4 Kd3 43. Kf6 Ke2 44. h5
gxh5 45. Kxf5 Kf3 46. Kg5 Kxg3 47. Kxh5 Kf3 48. Be7 e3 49. Bh4 e2 50. Kg5
Kg2 51. Kf4 Kf1 52. Ke5 e1=Q+ 53. Bxe1 Kxe1 54. Kd6 Kd2 55. Kc7 Kc3 56.
Kxb7 Kxb4 57. Kxa6 Kc5 58. Kb7 { Black resigns } 1-0

[Event "ICC tourney 2532 (25 5)"]
[Site "Internet Chess Club"]
[Date "2021.04.25"]
[Round "6"]
[White "SAXE, ERIC:K12-15062745"]
[Black "MUTHUPANDIYAN, SHIV:K12-15901317"]
[Result "0-1"]
[ICCResult "White forfeits on time"]
[WhiteElo "412"]
[BlackElo "1266"]
[Opening "French: exchange variation"]
[ECO "C01"]
[NIC "FR.01"]
[Time "13:00:51"]
[PlyCount "96"]
[TimeControl "1500+5"]

1. e4 e6 2. d4 d5 3. exd5 exd5 4. Nf3 c6 5. Bf4 Bd6 6. Bxd6 Qxd6 7. c3 Bf5
8. Be2 Nf6 9. Nbd2 O-O 10. Qb3 Qc7 11. O-O Nbd7 12. h3 Nb6 13. Rfe1 Rfe8
14. Nf1 Re6 15. Ng3 Bg6 16. Ne5 Rae8 17. Qd1 Qe7 18. Qd2 Nbd7 19. Nxg6 hxg6
20. Kf1 Ne4 21. Nxe4 Rxe4 22. Bg4 Nf6 23. f3 Re3 24. Rxe3 Qxe3 25. Qxe3
Rxe3 26. Re1 Nxg4 27. hxg4 Rxe1+ 28. Kxe1 Kf8 29. Kd2 Ke7 30. Kc2 Kf6 31.
f4 g5 32. g3 gxf4 33. gxf4 Ke6 34. b4 Kd6 35. Kb3 b6 36. a4 c5 37. b5 cxd4
38. cxd4 Ke6 39. a5 Kf6 40. axb6 axb6 41. Kc3 Kg6 42. Kd3 f5 43. g5 Kh5 44.
Ke3 Kg4 45. g6 Kg3 46. Ke2 Kxf4 47. Kf2 Ke4 48. Kg3 Ke3 { White forfeits on
time } 0-1

[Event "ICC tourney 2532 (25 5)"]
[Site "Internet Chess Club"]
[Date "2021.04.25"]
[Round "6"]
[White "S BHARGAVA, YASH:K12-16100156"]
[Black "EDMUND MICHIGAN, JOHNATHAN:K12-16974541"]
[Result "1/2-1/2"]
[ICCResult "Game drawn by mutual agreement"]
[WhiteElo "1772"]
[BlackElo "1054"]
[Opening "Giuoco Pianissimo: Italian four knights variation"]
[ECO "C50"]
[NIC "IG.02"]
[Time "13:00:41"]
[PlyCount "160"]
[TimeControl "1500+5"]

1. e4 e5 2. Nf3 Nc6 3. Bc4 Bc5 4. Nc3 Nf6 5. d3 h6 6. Be3 Bxe3 7. fxe3 O-O
8. O-O d6 9. h3 Be6 10. Nd5 a6 11. a4 Rb8 12. Qd2 Bxd5 13. exd5 Ne7 14. e4
c6 15. dxc6 bxc6 16. c3 a5 17. Rab1 Re8 18. Qf2 Rb7 19. b4 axb4 20. cxb4
Qc7 21. b5 cxb5 22. axb5 Reb8 23. Rfc1 Qb6 24. Qxb6 Rxb6 25. Rb2 Nd7 26.
Ra1 Nc5 27. Ra7 R8b7 28. Rba2 Kh7 29. Kf2 g5 30. Rxb7 Rxb7 31. Ra8 Ng6 32.
g3 Kg7 33. Rd8 Rd7 34. Rb8 Ne7 35. b6 Nc6 36. Rc8 Ne7 37. Ra8 Kf6 38. Ra7
Nc6 39. Rxd7 Nxd7 40. Bb5 Ncb8 41. Bxd7 Nxd7 42. b7 Ke7 43. d4 f6 44. Ke3
Kd8 45. Nd2 Kc7 46. Nc4 Kxb7 47. Nxd6+ Kc6 48. Nf7 h5 49. d5+ Kc7 50. Kf3
Nf8 51. Nh6 Kd7 52. Nf5 Ng6 53. Ng7 h4 54. Nh5 Ke7 55. Ng7 hxg3 56. Kxg3
Nf4 57. Nf5+ Kf7 58. d6 Ke8 59. Nh6 Kd7 60. Ng8 Kxd6 61. Nxf6 Ke7 62. Nh7
Nd3 63. Nxg5 Kf6 64. Nf3 Nc5 65. Nd2 Kg5 66. Kf3 Kh4 67. Kg2 Kg5 68. Kg3
Kg6 69. Kh4 Nd7 70. Nf3 Kf6 71. Kh5 Nc5 72. Nd2 Ne6 73. Kh6 Ng5 74. h4 Nf7+
75. Kh7 Nd6 76. h5 Kg5 77. h6 Nf7 78. Nf3+ Kf4 79. Nd2 Kg5 80. Nf3+ Kf4 {
Game drawn by mutual agreement } 1/2-1/2

[Event "ICC tourney 2532 (25 5)"]
[Site "Internet Chess Club"]
[Date "2021.04.25"]
[Round "6"]
[White "BASTIANI FONCK, CLAUDIO:K12-16874166"]
[Black "WHITE, GABRIEL:K12-14675560"]
[Result "0-1"]
[ICCResult "White checkmated"]
[WhiteElo "1377"]
[BlackElo "1889"]
[Opening "Sicilian"]
[ECO "B50"]
[NIC "SI.01"]
[Time "13:02:02"]
[PlyCount "94"]
[TimeControl "1500+5"]

1. e4 c5 2. Nf3 d6 3. Nc3 Nf6 4. d3 g6 5. Be2 Bg7 6. O-O O-O 7. h3 Nc6 8.
Be3 Bd7 9. d4 cxd4 10. Nxd4 Rc8 11. Bf3 Ne5 12. Be2 Qa5 13. Nf3 Nc4 14. Bc1
Rfe8 15. Bxc4 Rxc4 16. Re1 Rd8 17. Bd2 Qb6 18. b3 Rcc8 19. Rc1 Bc6 20. a4
a6 21. Qe2 Re8 22. e5 dxe5 23. Nxe5 Nd5 24. Nxc6 Qxc6 25. Nxd5 Qxd5 26.
Red1 Qf5 27. c4 Bb2 28. Rb1 Qc2 29. Kf1 Bg7 30. Rdc1 Qf5 31. Bb4 Rc6 32.
Qc2 Qf4 33. Rd1 Qh2 34. f3 e5 35. Re1 e4 36. Rxe4 Rxe4 37. Qxe4 Re6 38.
Qxb7 h5 39. Re1 Qh1+ 40. Kf2 Bd4+ 41. Kg3 Rxe1 42. Qc8+ Kh7 43. Qf8 Be5+
44. Kh4 Bf6+ 45. Kg3 h4+ 46. Kf4 Qh2+ 47. Kg4 Qg3# { White checkmated } 0-1

[Event "ICC tourney 2532 (25 5)"]
[Site "Internet Chess Club"]
[Date "2021.04.25"]
[Round "6"]
[White "SAMUEL PLATNICK, ELIJAH:K12-15208013"]
[Black "JIN NELSON, MICHAEL:K12-16300942"]
[Result "1/2-1/2"]
[ICCResult "Game drawn by mutual agreement"]
[WhiteElo "2015"]
[BlackElo "1388"]
[Opening "French: Winawer, Alekhine (Maróczy) gambit"]
[ECO "C15"]
[NIC "FR.08"]
[Time "13:01:04"]
[PlyCount "154"]
[TimeControl "1500+5"]

1. e4 e6 2. d4 d5 3. Nc3 Bb4 4. Ne2 Ne7 5. a3 Ba5 6. b4 Bb6 7. e5 O-O 8.
Ng3 Nbc6 9. Be3 Ng6 10. h4 f6 11. h5 Nh8 12. f4 fxe5 13. fxe5 Nxe5 14. Qd2
Ng4 15. Bg5 Qd6 16. Nce2 e5 17. c3 Nf7 18. Be3 a5 19. dxe5 Bxe3 20. exd6
Bxd2+ 21. Kxd2 Nxd6 22. Nd4 axb4 23. cxb4 Nf5 24. Ngxf5 Bxf5 25. Be2 Nf2
26. Rhc1 Ne4+ 27. Ke3 c6 28. b5 c5 29. Nxf5 Rxf5 30. Bf3 Re8 31. Kd3 b6 32.
a4 Nf2+ 33. Kd2 d4 34. Re1 Rfe5 35. Bd5+ Kf8 36. Rf1 Rxd5 37. Rxf2+ Kg8 38.
a5 bxa5 39. Rxa5 c4 40. Ra4 Rxb5 41. Rf4 Rb2+ 42. Kd1 c3 43. Raxd4 c2+ 44.
Kd2 Re2+ 45. Kd3 Re8 46. Rc4 Rd8+ 47. Ke3 Rb3+ 48. Ke2 Re8+ 49. Kd2 Rb2 50.
Rxc2 Rxc2+ 51. Kxc2 Re2+ 52. Kd3 Rxg2 53. Ke3 Rh2 54. Rf5 g6 55. hxg6 hxg6
56. Ra5 Kg7 57. Kf3 Kh6 58. Kg3 Rb2 59. Ra4 Kh5 60. Rh4+ Kg5 61. Rg4+ Kf5
62. Rf4+ Ke5 63. Ra4 Re2 64. Ra5+ Kf6 65. Ra4 g5 66. Kg4 Kg6 67. Ra6+ Kg7
68. Kxg5 Kf7 69. Ra7+ Ke6 70. Ra8 Kd5 71. Kf4 Re4+ 72. Kf3 Rc4 73. Ke3 Re4+
74. Kd3 Rd4+ 75. Kc3 Rc4+ 76. Kb3 Re4 77. Rd8+ Kc5 { Game drawn by mutual
agreement } 1/2-1/2

[Event "ICC tourney 2532 (25 5)"]
[Site "Internet Chess Club"]
[Date "2021.04.25"]
[Round "6"]
[White "DHAR, SUMIT:K12-15188271"]
[Black "PENG, BRANDON:K12-15283836"]
[Result "1/2-1/2"]
[ICCResult "Game drawn by mutual agreement"]
[WhiteElo "2167"]
[BlackElo "1769"]
[Opening "QGD semi-Slav: 5.e3"]
[ECO "D45"]
[NIC "SL.08"]
[Time "13:01:04"]
[PlyCount "136"]
[TimeControl "1500+5"]

1. d4 d5 2. c4 c6 3. Nc3 Nf6 4. e3 e6 5. Nf3 Bb4 6. Qc2 O-O 7. Bd3 Nbd7 8.
O-O dxc4 9. Bxc4 Nd5 10. e4 N5b6 11. Bd3 h6 12. Bf4 c5 13. a3 Ba5 14. dxc5
Nxc5 15. Rfd1 Bxc3 16. Qxc3 Nxd3 17. Rxd3 Bd7 18. Bc7 Qc8 19. Ne5 Bc6 20.
Bxb6 axb6 21. Nxc6 Qxc6 22. Qxc6 bxc6 23. Rd6 Rac8 24. Rad1 Rc7 25. f4 Rfc8
26. Rd8+ Rxd8 27. Rxd8+ Kh7 28. Kf2 Kg6 29. Ke3 Kf6 30. Rb8 b5 31. Rb6 e5
32. g3 Ke6 33. Rb8 exf4+ 34. gxf4 Kd6 35. e5+ Kd5 36. Rd8+ Kc4 37. Ke4 Kb3
38. Rd2 g6 39. f5 gxf5+ 40. Kxf5 Re7 41. h4 c5 42. Re2 Re6 43. h5 c4 44.
Rd2 Re7 45. Re2 Re6 46. Rg2 Re7 47. Rd2 Re6 48. Rf2 Rc6 49. Ke4 Rc8 50. Kd5
Rd8+ 51. Kc5 Re8 52. Re2 Ka4 53. Re3 Re6 54. Kd4 f6 55. exf6 Rxf6 56. Kc3
Rd6 57. Rg3 Ka5 58. Rg6 Rd3+ 59. Kc2 Rh3 60. Rxh6 Rh2+ 61. Kc3 Rh3+ 62. Kc2
Rh2+ 63. Kb1 Ka4 64. Kc1 Rh1+ 65. Kc2 Rh2+ 66. Kc3 Rh3+ 67. Kc2 Rh2+ 68.
Kc3 Rh3+ { Game drawn by mutual agreement } 1/2-1/2

[Event "ICC tourney 2532 (25 5)"]
[Site "Internet Chess Club"]
[Date "2021.04.25"]
[Round "6"]
[White "SMIRNOV, OLIVER:K12-14791270"]
[Black "ROOPE, JAYLEN:K12-16442587"]
[Result "0-1"]
[ICCResult "White resigns"]
[WhiteElo "1054"]
[BlackElo "1514"]
[Opening "French: advance variation"]
[ECO "C02"]
[NIC "FR.03"]
[Time "13:01:22"]
[PlyCount "84"]
[TimeControl "1500+5"]

1. e4 e6 2. d4 d5 3. e5 c5 4. c3 Qb6 5. Nf3 Nc6 6. a3 Nh6 7. b4 cxd4 8.
cxd4 Nf5 9. Be3 Nxe3 10. fxe3 Bd7 11. Nc3 Rc8 12. Na4 Qd8 13. Rc1 Nxd4 14.
exd4 Rxc1 15. Qxc1 Bxa4 16. Bd3 Be7 17. O-O h6 18. Qf4 Rf8 19. h4 g5 20.
hxg5 Bxg5 21. Qg3 Kd7 22. Nh2 f5 23. exf6 Rxf6 24. Re1 Bh4 25. Qg7+ Qe7 26.
Qxe7+ Kxe7 27. Rc1 Bf2+ 28. Kh1 Bxd4 29. Rc7+ Kd6 30. Rxb7 e5 31. Nf3 e4
32. Bxe4 dxe4 33. Nxd4 Rf1+ 34. Kh2 e3 35. Rxa7 Bd1 36. b5 Rf4 37. Ra6+ Kd5
38. Ne6 Rc4 39. b6 Kc6 40. Nd8+ Kd7 41. b7 e2 42. b8=Q Rh4+ { White resigns
} 0-1

[Event "ICC tourney 2532 (25 5)"]
[Site "Internet Chess Club"]
[Date "2021.04.25"]
[Round "6"]
[White "MCCOY, OWEN:K12-14447115"]
[Black "BHAVIKATTI, NEIL:K12-14919064"]
[Result "1-0"]
[ICCResult "Black resigns"]
[WhiteElo "2251"]
[BlackElo "2118"]
[Opening "Réti opening"]
[ECO "A04"]
[NIC "QP.10"]
[Time "13:02:02"]
[PlyCount "89"]
[TimeControl "1500+5"]

1. Nf3 c5 2. g3 Nc6 3. Bg2 g6 4. O-O Bg7 5. d3 d6 6. e4 e5 7. c3 Nge7 8. a3
a5 9. a4 Rb8 10. Na3 O-O 11. Be3 b6 12. Qd2 Re8 13. Rad1 Ba6 14. Rfe1 d5
15. exd5 Nxd5 16. Bh6 Bh8 17. Qc2 Qd7 18. Qb3 Rbd8 19. Nc4 Qc7 20. Ng5 Bb7
21. Bxd5 Rxd5 22. Nxb6 Rd6 23. Nc4 Rd7 24. Ne4 Ne7 25. Bg5 Nd5 26. Qb5 Bc6
27. Qxa5 f6 28. Bd2 Qxa5 29. Nxa5 Bxa4 30. Ra1 Bc2 31. Nxc5 Rc7 32. b4 e4
33. dxe4 Nb6 34. Ra2 Nc4 35. Nxc4 Rxc5 36. bxc5 Bb3 37. Ra7 Bxc4 38. Be3
Bg7 39. Bd4 Bf8 40. f3 Rc8 41. Rea1 Bxc5 42. Ra8 Bxd4+ 43. cxd4 Rxa8 44.
Rxa8+ Kf7 45. Ra7+ { Black resigns } 1-0

[Event "ICC tourney 2532 (25 5)"]
[Site "Internet Chess Club"]
[Date "2021.04.25"]
[Round "6"]
[White "LEVKOV, DANIEL:K12-14218690"]
[Black "LU, MAXIMILLIAN:K12-14732597"]
[Result "1-0"]
[ICCResult "Black resigns"]
[WhiteElo "2159"]
[BlackElo "2430"]
[Opening "Sicilian defense"]
[ECO "B20"]
[NIC "SI.48"]
[Time "13:00:23"]
[PlyCount "93"]
[TimeControl "1500+5"]

1. e4 c5 2. b3 g6 3. Bb2 Nf6 4. e5 Nd5 5. Nc3 Nxc3 6. Bxc3 Bg7 7. h4 Nc6 8.
h5 Bxe5 9. Bxe5 Nxe5 10. f4 Nc6 11. hxg6 fxg6 12. Bd3 d6 13. Bxg6+ Kd7 14.
Qh5 Kc7 15. Ne2 Bd7 16. Be4 e6 17. O-O-O Qf6 18. c3 a5 19. a4 Rab8 20. Qh6
Qe7 21. d4 d5 22. Bc2 cxd4 23. Nxd4 Qa3+ 24. Kb1 Nxd4 25. Rxd4 b5 26. f5
bxa4 27. Qf4+ Kc6 28. Rxa4 Rxb3+ 29. Bxb3 Qxb3+ 30. Kc1 Qxc3+ 31. Kd1 e5
32. Rh3 Qb2 33. Qh6+ Kb5 34. Raa3 a4 35. Qg7 Qb1+ 36. Ke2 Qe4+ 37. Kf2
Qxf5+ 38. Rhf3 Qc2+ 39. Kg1 Qc5+ 40. Kh2 Rd8 41. Qxe5 Bc6 42. Qb2+ Ka6 43.
Rf6 Rd6 44. Qe2+ Bb5 45. Qe7 Qxa3 46. Rxd6+ Ka5 47. Ra6+ { Black resigns }
1-0